Map: Celestial Enclave LE

Players

Shezam - Winner!

  • Race: Zerg Zerg
  • League: Silver
  • Spawn Location: 1:00

DeMioN

  • Race: Terran Terran
  • Spawn Location: 7:00

VOD

Have the link to the VOD?

Description

Time

  • Played on: April 9, 2026, 8:35 a.m.
  • Length: 7:31
Show
View Real Time Build Order
Export as new Build Order

Shezam Zerg - Winner!

Build Orders: Hatch First 

Get SALT Encoding   

  12  0:01  Drone  
  13  0:14  Overlord  
  13  0:17  Drone  
  14  0:32  Drone  
  14  0:33  Drone  
  16  0:40  Drone  
  17  0:47  Drone  
  18  0:58  Drone  
  18  1:01  Hatchery, Extractor  
  17  1:08  Drone  
  18  1:15  Spawning Pool  
  17  1:19  Drone  
  18  1:30  Drone  
  19  1:40  Overlord  
  20  2:15  Spine Crawler  
  20  2:18  Spine Crawler  
  20  2:21  Queen  
  20  2:23  Hatchery  
  20  2:24  Metabolic Boost  
  20  2:26  Zergling x6  
  22  2:43  Zergling x2  
  20  3:11  Hatchery  
  19  3:17  Zergling x2  
  19  3:18  Zergling x4  
  19  3:19  Queen  
  24  3:33  Drone  
  25  3:34  Drone  
  25  3:35  Drone  
  25  3:36  Zergling x2  
  28  3:48  Zergling x2  
  28  3:53  Roach Warren  
  28  4:02  Zergling x2  
  29  4:06  Overlord  
  29  4:19  Zergling x2  
  30  4:38  Roach x2  
  34  4:44  Queen  
  36  4:47  Drone  
  36  4:48  Zergling x2  
  36  4:49  Overlord  
  38  5:06  Overlord  
  38  5:09  Roach x3  
  38  5:10  Roach  
  46  5:21  Lair  
  46  5:34  Roach x2  
  50  5:50  Spore Crawler  
  50  5:51  Drone  
  50  5:53  Zergling x2, Roach  
  53  6:09  Overlord x2  
  45  6:40  Roach x3, Hydralisk Den  
  45  6:43  Queen  
  45  6:46  Overseer  
  52  6:59  Roach  
Show
View Real Time Build Order
Export as new Build Order

DeMioN Terran 

Build Orders:  

Get SALT Encoding   

  12  0:00  SCV  
  13  0:16  Supply Depot  
  13  0:20  SCV  
  14  0:33  SCV  
  15  0:42  Barracks  
  15  0:54  Barracks  
  15  0:58  SCV  
  16  1:07  Supply Depot  
  16  1:10  SCV  
  17  1:26  SCV  
  17  1:29  Marine  
  19  1:41  Marine  
  20  1:47  Marine  
  20  1:50  Bunker  
  20  1:53  Bunker  
  21  1:59  Marine  
  23  2:05  Marine  
  23  2:06  Supply Depot  
  23  2:08  Orbital Command  
  23  2:17  Marine  
  24  2:24  Bunker  
  24  2:30  Marine  
  24  2:35  Marine  
  26  2:38  SCV  
  26  2:41  Refinery  
  26  2:42  Refinery  
  27  2:50  SCV  
  28  3:06  SCV  
  29  3:14  Marine x2  
  29  3:15  Command Center  
  29  3:19  SCV  
  32  3:32  Marine  
  32  3:33  Factory  
  33  3:38  SCV  
  34  3:44  Engineering Bay  
  34  3:53  Supply Depot  
  34  3:57  Marine  
  34  3:58  Marine  
  36  4:06  SCV  
  37  4:17  Starport  
  37  4:21  Factory Reactor  
  37  4:25  SCV  
  38  4:36  Orbital Command  
  38  4:50  SCV  
  38  4:51  Starport  
  39  5:02  SCV  
  40  5:07  Starport Tech Lab  
  40  5:14  SCV x2  
  41  5:15  Marine x2  
  41  5:17  Factory Tech Lab  
  44  5:25  Armory  
  44  5:26  SCV  
  44  5:27  SCV  
  46  5:38  SCV  
  46  5:39  Cyclone  
  50  5:45  Liberator  
  50  5:46  SCV  
  53  6:10  SCV x2  
  54  6:13  Supply Depot  
  47  6:19  Marine  
  47  6:20  Marine  
  47  6:22  SCV  
  41  6:32  SCV  
  39  6:34  SCV  
  39  6:37  Marine x2  
  39  6:41  Starport Tech Lab  
  39  6:44  SCV  
  39  6:47  SCV  
  41  6:51  Hellbat  
  43  7:00  SCV x2  
  42  7:12  SCV x2  
Tags
 
Add a new tag
Caveats
  • Supply blocks, unpowered buildings, or Contaminate may cause inaccurate times.
  • Supply counts are checked every 10 seconds.